 Dungeon Crawl Stone Soup version 0.29-a0-643-ga013cefcf8 (webtiles) character file.

Game seed: 13917729207163223184

96 CollectiveS the Cudgeller (level 4, -1/33 HPs)
             Began as a Demonspawn Warper on June 19, 2022.
             Was a Follower of Dithmenos.
             Slain by a mummy (9 damage)
             ... in an ossuary.
             The game lasted 00:07:35 (3317 turns).

CollectiveS the Cudgeller (Demonspawn Warper)       Turns: 3317, Time: 00:07:35

Health: -1/33      AC:  9    Str: 13    XL:     4   Next: 41%
Magic:  7/7        EV:  7    Int: 15    God:    Dithmenos [*.....]
Gold:   138        SH:  0    Dex: 12    Spells: 5/7 levels left

rFire   . . .      SeeInvis .   a - +0 mace
rCold   . . .      Faith    .   (no shield)
rNeg    . . .      Spirit   .   n - +0 chain mail
rPois   .          Reflect  .   (no helmet)
rElec   .          Harm     .   (no cloak)
rCorr   .          Rampage  .   (no gloves)
Will    .....                   f - +0 pair of boots
Stlth   ..........              (no amulet)
HPRegen 0.11/turn               (no ring)
MPRegen 0.10/turn               (no ring)

@: wreathed by umbra
A: demonic guardian 1, sturdy frame 1
a: Renounce Religion


You were in an ossuary.
You worshipped Dithmenos.
Dithmenos was aware of your devotion.
You visited 1 branch of the dungeon, and saw 4 of its levels.
You also visited: Ossuary.

You collected 177 gold pieces.
You spent 39 gold pieces at shops.

Inventory:

Hand Weapons
 a - a +0 mace (weapon)
Missiles
 d - 7 boomerangs of dispersal (quivered)
Armour
 b - a +0 leather armour
 f - a +0 pair of boots (worn)
 n - a +0 chain mail (worn)
Jewellery
 h - an amulet of faith
Scrolls
 c - a scroll of blinking
 e - 3 scrolls of teleportation {unknown}
 g - 5 scrolls of identify {unknown}
 i - a scroll of brand weapon {unknown}
 k - 2 scrolls of fear {unknown}
 l - 2 scrolls of poison {unknown}
 m - a scroll of torment {unknown}
 q - a scroll of acquirement {unknown}
Potions
 j - 2 potions of curing
 o - 2 potions of berserk rage {unknown}
 p - a potion of attraction {unknown}


   Skills:
 - Level 2.0 Fighting
 * Level 4.1 Maces & Flails
 - Level 0.8 Throwing
 - Level 0.8 Armour
 - Level 1.7 Dodging
 - Level 2.0 Spellcasting
 + Level 2.9 Translocations


You had 5 spell levels left.
You knew the following spells:

 Your Spells              Type           Power      Damage    Failure   Level
a - Blink                 Tloc           20%        N/A       83%         2

Your spell library contained the following spells:

 Spells                   Type           Power      Damage    Failure   Level
 Apportation              Tloc           20%        N/A       69%         1
 Gell's Gravitas          Tloc           10%        N/A       96%         3
 Lesser Beckoning         Tloc           10%        N/A       96%         3
 Teleport Other           Tloc           10%        N/A       96%         3
 Summon Small Mammal      Summ           4%         N/A       97%         1
 Call Canine Familiar     Summ           1%         N/A       100%        3
 Summon Guardian Golem    Hex/Summ       1%         N/A       100%        3
 Airstrike                Air            0%         N/A       100%        4
 Summon Lightning Spire   Summ/Air       1%         N/A       100%        4
 Alistair's Intoxication  Tmut/Pois      0%         N/A       100%        5
 Lightning Bolt           Conj/Air       0%         1d11      100%        5
 Manifold Assault         Tloc           10%        N/A       100%        5


Dungeon Overview and Level Annotations

Branches:
Dungeon (4/15)            Ossuary (1/1)
 Temple: D:4-7

Altars:
Dithmenos
Gozag

Shops:
D:3 !

Annotations:
D:3 3 runed translucent doors, SeagullWaffle's ghost, amateur DjIE


Innate Abilities, Weirdness & Mutations

A weak demonic guardian rushes to your aid.
Your movements are slightly less encumbered by armour. (ER -2)


Message History

There is a sand-covered staircase here.
Found a short sword.
q - a scroll labelled QUCIEME LOYBRO
There is a sand-covered staircase here.
The world spins around you as you enter the gateway.
You enter an ossuary!
Found a gate leading back out of this place.
There is an empty arch of ancient stone here.
You open the door.
There is an open door here.
A mummy opens the door. x2; Something unseen opens the door.
A mummy opens the door.
A mummy comes into view.
There is an open door here.
The mummy barely misses you. The mummy hits you.
A mummy comes into view.
There is an open door here.
You hit the mummy.
The mummy is lightly damaged.
You hit the mummy.
The mummy is lightly damaged.
You hit the mummy.
The mummy is moderately damaged.
The mummy hits you! The mummy hits you but does no damage.
You hit the mummy.
The mummy is heavily damaged.
You hit the mummy.
The mummy is heavily damaged.
The mummy hits you!
A demonic guardian appears!
The mummy hits you but does no damage.
You barely miss the mummy.
The mummy is heavily damaged.
The mummy barely misses you. The mummy hits you!
* * * LOW HITPOINT WARNING * * *
Unknown command.
You feel better.
Your white imp hits the mummy.
Your white imp freezes the mummy.
The mummy resists.
Unknown command.
The mummy hits you!
You die...

## ## #. .# #
###+#M#'#'#+#+
#.'..MM..M....
###.##M##+##+#
#M..# #@5.#
#..∩# #####


You could see 3 mummies and a friendly white imp (summoned).

Vanquished Creatures
  3 adders
  2 dart slugs (D:3)
  2 ball pythons
  8 endoplasms
  2 giant cockroaches
  3 goblins
  6 hobgoblins
  3 jackals (D:1)
  6 kobolds
  3 quokkas
  5 bats
  3 frilled lizards
  4 rats
50 creatures vanquished.

Vanquished Creatures (collateral kills)
  An adder (D:2)
  A hobgoblin (D:1)
2 creatures vanquished.

Vanquished Creatures (others)
  A withered plant (Ossuary)
1 creature vanquished.

Grand Total: 53 creatures vanquished

Notes
Turn   | Place    | Note
-------+----------+-------------------------------------------
     0 | D:1      | CollectiveS the Demonspawn Warper began the quest for the
                  | Orb.
     0 | D:1      | Reached XP level 1. HP: 16/16 MP: 3/3
   300 | D:1      | Reached skill level 2 in Maces & Flails
   545 | D:1      | Gained mutation: A weak demonic guardian rushes to your
                  | aid. [demonic ancestry]
   545 | D:1      | Reached XP level 2. HP: 21/22 MP: 5/5
  1040 | D:1      | Reached skill level 3 in Maces & Flails
  1489 | D:2      | Gained mutation: Your movements are slightly less
                  | encumbered by armour. (ER -2) [demonic ancestry]
  1489 | D:2      | Reached XP level 3. HP: 27/27 MP: 6/6
  2412 | D:2      | Learned a level 2 spell: Blink
  2454 | D:3      | Found Raneicig's Distillery.
  2458 | D:3      | Bought a potion of curing for 39 gold pieces
  2653 | D:3      | Reached XP level 4. HP: 33/33 MP: 7/7
  2655 | D:3      | Reached skill level 4 in Maces & Flails
  2709 | D:3      | Found a runed translucent gate.
  2709 | D:3      | Found a runed translucent gate.
  2709 | D:3      | Found a runed translucent gate.
  2719 | D:3      | Found an opulent altar of Gozag.
  2720 | D:3      | Noticed a bullfrog
  2720 | D:3      | Noticed SeagullWaffle's ghost (amateur DjIE)
  2720 | D:3      | Noticed a scorpion
  2952 | D:3      | Found a faded altar of an unknown god.
  2973 | D:3      | Prayed at the altar of an unknown god.
  2973 | D:3      | Became a worshipper of Dithmenos the Shadowed
  2973 | D:3      | Reached * piety under Dithmenos
  3277 | D:4      | Found a sand-covered staircase.
  3299 | Ossuary  | Entered an ossuary
  3317 | Ossuary  | Slain by a mummy

Illustrated notes

Levels and vault maps discovered:
D:1:      psy_arrival_fountain, layout_basic
D:2:      layout_loops_ring, minmay_tripent
D:3:      layout_loops_ring, ebering_ghost_gozag,
          hellmonk_ecumenical_altar_run_dry, serial_shops,
          nicolae_shop_hallway_stairs
D:4:      layout_basic, lightli_ossuary_entry_decrepit_ruins, uniq_grinder
Ossuary:  ossuary_zaba_flooded

Skill      XL: |  1  2  3  4 |
---------------+-------------+-----
Maces & Flails | 2 3 4 |  4.1
Fighting       | |  2.0
Throwing       | |  0.8
Armour         | |  0.8
Dodging        | |  1.7
Spellcasting   | |  2.0
Translocations | |  2.9

Action                   |  1- 3 |  4- 6 || total
-------------------------+-------+-------++-------
Melee: Mace              |   116 |    44 ||   160
  Use: Potion            |       |     1 ||     1
Armor: Leather armour    |    36 |     3 ||    39
       Chain mail        |       |    12 ||    12
Dodge: Dodged            |    66 |    23 ||    89

Table legend: (Time is in decaauts)
 A = Elapsed time spent in this place.
 B = Non-inter-level travel time spent in this place.
 C = Inter-level travel time spent in this place.
 D = Time resting spent in this place.
 E = Time spent auto-exploring this place.
 F = Levels seen in this place.
 G = Mean time per level.
                   A        B        C        D        E       F      G
               +--------+--------+--------+--------+--------+-----+--------+
         Total |   3354 |   3261 |     93 |      0 |   2513 |   5 |  670.8 |
       Dungeon |   3335 |   3242 |     93 |      0 |   2513 |   4 |  833.8 |
       Ossuary |     19 |     19 |      0 |      0 |      0 |   1 |   19.0 |
               +--------+--------+--------+--------+--------+-----+--------+

Top non-repeatable levels by time:
     D:1: 1484 daAuts
     D:2: 996 daAuts
     D:3: 765 daAuts
     D:4: 88 daAuts
 Ossuary: 19 daAuts
